[Event "IV Elllobregat Open Chess Tmnt"]
[Site "Sant Boi de Llobregat, Spain"]
[Date "2023.11.30"]
[Round "1.23"]
[White "Fiorito, Fabian"]
[Black "Alsina Leal, Daniel"]
[Result "1/2-1/2"]
[TimeControl "90min/40moves + 15min/end + 30sec from move 1"]
[WhiteFideId "100200"]
[BlackFideId "2252627"]
[WhiteElo "2318"]
[BlackElo "2533"]

1. Nf3 c5 2. b3 d5 3. e3 Nc6 4. Bb2 e6 5. d4 Nf6 6. a3 Be7 7. Nbd2 O-O 8. dxc5 Bxc5 9. b4 Be7 10.
Bd3 b6 11. O-O Bb7 12. Qe2 a5 13. b5 Nb8 14. Rfd1 Nbd7 15. c4 Rc8 16. Rac1 Bc5 17. cxd5 Bxd5 18. Bc4 Qe7 19. Bxd5 exd5 20.
a4 Ba3 21. Bxa3 Qxa3 22. Ra1 Qc3 23. Nd4 Ne5 24. N2f3 Nxf3+ 25. Qxf3 Rc4 26. h3 Re8 27. Qf5 Qb4 28. Nc6 Qd6 29.
Rd4 g6 30. Qd3 Qc5 31. Rd1 Rc3 32. Qe2 Kg7 33. Qf3 Rc4 34. Qe2 Re4 35. Qa2 Rc2 36. Qb1 Rxd4 37. Nxd4 Rc4 38. Qa2 Qb4 39.
Ra1 Ne4 40. Nc6 Qc3 41. Rd1 Qf6 42. Rd4 Rc1+ 43. Kh2 Nxf2 44. Qxd5 Rc5 45. Qf3 Rf5 46. Rf4 Nd3 47. Rxf5 Qxf5 48.
Qd1 Nc5 49. Qd8 Qf6 50. Qxb6 Qd6+ 51. Kh1 Qd1+ 52. Kh2 Qd6+ 53. Kh1 1/2-1/2

[Event "IV Elllobregat Open Chess Tmnt"]
[Site "Sant Boi de Llobregat, Spain"]
[Date "2023.11.30"]
[Round "1.24"]
[White "Arizmendi Martinez, Julen Luis"]
[Black "Lucas, Arthur"]
[Result "1/2-1/2"]
[TimeControl "90min/40moves + 15min/end + 30sec from move 1"]
[WhiteFideId "2205092"]
[BlackFideId "26093073"]
[WhiteElo "2525"]
[BlackElo "2316"]

1. c4 e5 2. Nc3 Nc6 3. Nf3 f5 4. d4 e4 5. d5 exf3 6. dxc6 fxg2 7. cxd7+ Qxd7 8. Bxg2 Qxd1+ 9. Kxd1 c6 10.
Be3 Be6 11. b3 Nf6 12. Kc2 Ng4 13. Bd4 c5 14. Be3 Nxe3+ 15. fxe3 O-O-O 16. Bd5 Bd7 17. Rad1 g6 18. Rd3 Bg7 19.
Rhd1 b6 20. Bf3 Bxc3 21. Kxc3 Rhe8 22. h4 Kc7 23. Rg1 Be6 24. h5 Bf7 25. Kd2 Rg8 26. hxg6 hxg6 27. Rh1 Rg7 28. Rxd8 Kxd8 29.
Rh8+ Rg8 30. Rh7 Ke7 31. Bd5 Rf8 32. e4 fxe4 33. Ke3 Kf6 34. Kxe4 Re8+ 35. Kf3 Bxd5+ 36. cxd5 Ke5 37. e4 Kd4 38. d6 Rf8+ 39. Ke2 Kxe4 40.
Rxa7 Rd8 41. Re7+ Kd5 42. d7 Kc6 43. Re6+ Kc7 44. Rxg6 Rxd7 45. a4 Kb7 46. Rg3 Ka6 47. Rd3 Rh7 48. Kd2 Ka5 49. Kc3 Rh1 50. Rg3 Rh4 51.
Rg8 Rh3+ 52. Kc4 Rh4+ 53. Kc3 Rh3+ 54. Kc4 Rh4+ 55. Kc3 Rh3+ 1/2-1/2

[Event "IV Elllobregat Open Chess Tmnt"]
[Site "Sant Boi de Llobregat, Spain"]
[Date "2023.11.30"]
[Round "1.25"]
[White "Torrecillas Martinez, Antonio"]
[Black "Sankalp, Gupta"]
[Result "0-1"]
[TimeControl "90min/40moves + 15min/end + 30sec from move 1"]
[WhiteFideId "2200392"]
[BlackFideId "5097010"]
[WhiteElo "2310"]
[BlackElo "2523"]

1. e4 c6 2. Nc3 d5 3. Nf3 dxe4 4. Nxe4 Nf6 5. Qe2 Nxe4 6. Qxe4 Nd7 7. Bc4 Nf6 8. Ne5 e6 9. Qe2 b5 10.
Bd3 Qc7 11. b3 Bd6 12. Bb2 Nd5 13. g3 Nb4 14. f4 O-O 15. Be4 Bb7 16. a3 Na6 17. O-O f6 18. Nd3 Qb6+ 19. Kg2 c5 20.
Qf3 Bxe4 21. Qxe4 Nc7 22. Rfe1 Rad8 23. Re2 Rf7 24. a4 c4 25. bxc4 f5 26. c5 Bxc5 27. Qf3 bxa4 28. Nxc5 Qxb2 29.
Rxa4 Qxc2 30. d4 Qd1 31. Rxa7 Rxd4 32. Qe3 h6 33. Raa2 Nd5 34. Qxe6 Rxf4 35. Rf2 Re4 36. Ra8+ Kh7 0-1

[Event "IV Elllobregat Open Chess Tmnt"]
[Site "Sant Boi de Llobregat, Spain"]
[Date "2023.11.30"]
[Round "1.26"]
[White "Pranav, Anand"]
[Black "Hulka, Valentyn"]
[Result "1-0"]
[TimeControl "90min/40moves + 15min/end + 30sec from move 1"]
[WhiteFideId "46626786"]
[BlackFideId "34107061"]
[WhiteElo "2520"]
[BlackElo "2310"]

1. e4 c5 2. Nf3 Nc6 3. Bb5 Nf6 4. Bxc6 dxc6 5. d3 Qc7 6. e5 Nd5 7. c4 Nb6 8. O-O Bf5 9. Qe2 O-O-O 10. Rd1 h6 11. Be3 Nd7 12. d4 e6 13. Nc3 Be7 14. Bf4 cxd4 15. Nxd4 Bg6 16. Qe3 Qb6 17. a3 a6 18. b3 c5 19.
Nde2 Nb8 20. Na4 Qa5 21. Rd6 Bxd6 22. exd6 Nd7 23. Bg3 Kb8 24. f3 Rc8 25. Nec3 Qd8 26. Ra2 Qg5 27. Bf4 Qf5 28.
Ne4 h5 29. h4 Rc6 30. Rd2 Rd8 31. Bg3 f6 32. b4 cxb4 33. axb4 b6 34. Rb2 Rxc4 35. Nxb6 Rc6 36. Nxd7+ Rxd7 37.
Nc5 e5 38. b5 axb5 39. Rxb5+ Kc8 40. Qa3 1-0

[Event "IV Elllobregat Open Chess Tmnt"]
[Site "Sant Boi de Llobregat, Spain"]
[Date "2023.11.30"]
[Round "1.27"]
[White "Alinasab, Mobina"]
[Black "Pranesh, M"]
[Result "0-1"]
[TimeControl "90min/40moves + 15min/end + 30sec from move 1"]
[WhiteFideId "12528897"]
[BlackFideId "35028600"]
[WhiteElo "2306"]
[BlackElo "2519"]

1. e4 e5 2. Bc4 Nf6 3. Nc3 Nc6 4. d3 Na5 5. Bb3 Nxb3 6. axb3 d5 7. exd5 Nxd5 8. Qh5 Nb4 9. Qxe5+ Be7 10.
Qe2 Bg4 11. f3 Be6 12. Be3 O-O 13. Qd2 Re8 14. Nge2 Bh4+ 15. Kd1 a5 16. Kc1 f5 17. d4 f4 18. Nxf4 Bf5 19. Ne4 Bxe4 20.
fxe4 Rxe4 21. g3 Qe8 22. Re1 Bg5 23. Ng2 Bxe3 24. Rxe3 Ra6 25. c3 Rf6 26. Qe2 Rxe3 27. Nxe3 Nd5 28.
Rxa5 Qxe3+ 29. Qxe3 Nxe3 30. Re5 Ng4 31. Re7 Rf7 32. Re8+ Rf8 33. Re7 Rc8 34. d5 Nxh2 35. c4 h5 36.
Kc2 Nf1 37. d6 cxd6 38. Rxb7 Nxg3 39. Rb5 h4 40. Rg5 Kf7 0-1

[Event "IV Elllobregat Open Chess Tmnt"]
[Site "Sant Boi de Llobregat, Spain"]
[Date "2023.11.30"]
[Round "1.28"]
[White "Lamard, Guillaume"]
[Black "Dishman, Stephen"]
[Result "1-0"]
[TimeControl "90min/40moves + 15min/end + 30sec from move 1"]
[WhiteFideId "600261"]
[BlackFideId "403024"]
[WhiteElo "2514"]
[BlackElo "2306"]

1. e4 c6 2. d4 d5 3. e5 c5 4. Nf3 cxd4 5. Nxd4 Nc6 6. Nxc6 bxc6 7. Bd3 e6 8. O-O Ne7 9. Be3 a5 10. Nd2 Ba6 11. Qe2 Bxd3 12. cxd3 Nf5 13. Rac1 Nxe3 14. Qxe3 Ra6 15. Rc2 Be7 16. Rfc1 Qa8 17. Nf3 O-O 18. d4 Rb8 19. Ne1 Qb7 20. Nd3 Qb5 21. g3 Qa4 22. b3 Qb5 23. Nc5 Bxc5 24. Rxc5 Qb7 25. Qc3 a4 26. Rxc6 Rxc6 27. Qxc6 Qxc6 28. Rxc6 axb3
29. axb3 g5 30. Rc3 Ra8 31. Kg2 Ra2 32. Kf3 Kg7 33. h3 Rb2 34. g4 Kg6 35. Rd3 h5 36. gxh5+ Kxh5 37. Kg3 Rb1 38. Kg2 Kg6 39. Kf3 Rb2 40. Rc3 Kf5 41. Ke3 Kg6 42. Rd3 Kh5 43. Kf3 Rc2 44. Kg3 Rc1 45. Rf3 Kg6 46. Rf6+ Kg7 47. Kg4 Rd1 48. Kxg5 Rxd4 49. Rf3 Rd1 50. h4 Rg1+ 51. Rg3 Rh1 52. h5 Rh2 53. f4 Rf2 54. b4 Rb2 55. h6+ Kh7 56. Kf6 Rxb4 57. Kxf7 Rxf4+ 58. Kxe6 d4 59. Kd7 Rf7+ 60. Kd6 Kxh6 61. e6 Ra7 62. e7 Ra8 63. Kd7 1-0

[Event "IV Elllobregat Open Chess Tmnt"]
[Site "Sant Boi de Llobregat, Spain"]
[Date "2023.11.30"]
[Round "1.29"]
[White "Sai Agni Jeevitesh, J"]
[Black "Prraneeth, Vuppala"]
[Result "0-1"]
[TimeControl "90min/40moves + 15min/end + 30sec from move 1"]
[WhiteFideId "5070147"]
[BlackFideId "46622373"]
[WhiteElo "2302"]
[BlackElo "2512"]

1. d4 d5 2. c4 e6 3. Nf3 Nf6 4. g3 h6 5. Bg2 Bd6 6. O-O O-O 7. Qc2 Nc6 8. Nbd2 b6 9. a3 Bb7 10.
b4 dxc4 11. Nxc4 b5 12. Nxd6 cxd6 13. Bb2 a5 14. bxa5 Nxa5 15. Bc3 Qd7 16. Bxa5 Rxa5 17. Rfc1 Rfa8 18. Qb2 Bd5 19. Nd2 Bxg2 20.
Kxg2 Qa7 21. Rc2 Nd5 22. Rac1 Rxa3 23. e4 Nf6 24. Rc7 Qa5 25. e5 dxe5 26. Rc8+ Ne8 27. Ne4 Qa6 28. R8c6 Qa4 29.
Rc8 Kh7 30. Qe2 Qxd4 31. Rxa8 Rxa8 32. Rd1 Qc4 33. Qf3 Ra4 34. Re1 Qd5 35. h4 Kg8 36. Re3 f5 37. Nc3 Qxf3+ 38. Kxf3 e4+ 39.
Kf4 Ra5 40. Ne2 b4 41. Rb3 Nf6 0-1

[Event "IV Elllobregat Open Chess Tmnt"]
[Site "Sant Boi de Llobregat, Spain"]
[Date "2023.11.30"]
[Round "1.30"]
[White "Samadov, Read"]
[Black "Tyurin, Artem"]
[Result "1/2-1/2"]
[TimeControl "90min/40moves + 15min/end + 30sec from move 1"]
[WhiteFideId "13417444"]
[BlackFideId "44130112"]
[WhiteElo "2506"]
[BlackElo "2302"]

1. Nf3 Nf6 2. c4 e6 3. g3 d5 4. Bg2 Be7 5. O-O O-O 6. b3 c5 7. cxd5 Nxd5 8. Bb2 Nc6 9. Nc3 Bf6 10.
Qc2 b6 11. Rad1 Nxc3 12. dxc3 Qc7 13. c4 Bxb2 14. Ng5 f5 15. Qxb2 h6 16. Nh3 g5 17. Bxc6 Qxc6 18. f3 Qc7 19.
Rd2 Bb7 20. Nf2 Qg7 21. Qxg7+ Kxg7 22. Rfd1 Rae8 23. Rd6 Rf6 24. a3 e5 25. Rd7+ Rf7 26. R1d6 Ree7 27. Rxe7 Rxe7 28. Nd1 f4 29. Nc3 e4 30. fxe4 fxg3 31.
hxg3 Bxe4 1/2-1/2

[Event "IV Elllobregat Open Chess Tmnt"]
[Site "Sant Boi de Llobregat, Spain"]
[Date "2023.11.30"]
[Round "1.31"]
[White "Bogdanov, Artyom"]
[Black "Bharath, Subramaniyam H"]
[Result "0-1"]
[TimeControl "90min/40moves + 15min/end + 30sec from move 1"]
[WhiteFideId "13749200"]
[BlackFideId "46634827"]
[WhiteElo "2300"]
[BlackElo "2504"]

1. e4 e5 2. Nf3 Nc6 3. Bb5 a6 4. Ba4 Nf6 5. O-O d6 6. Re1 Bd7 7. c3 g6 8. d4 Bg7 9. h3 O-O 10. Nbd2 Re8 11. Bc2 a5 12. Nf1 a4 13. Ng3 b5 14. Be3 Qe7 15. Bd3 Na5 16. b4 axb3 17. axb3 c5 18. d5 Reb8 19. Re2 c4 20. Rea2 Qd8 21. b4 Nb3 22. Rxa8 Rxa8 23. Rxa8 Qxa8 24. Bc2 Qa3 25. Ne2 Ne8 26. Nd2 Na1 27. Bb1 Bf6 28. Qc1 Qa4 29. Qb2 Qd1+ 30. Kh2 Qxe2 31. Qxa1 Bh4 32. Kg1 Bxf2+ 33. Bxf2 Qxd2 34. Qa7 Nf6 35. Bh4 g5 36. Qf2 Qd1+ 37. Qe1 Qh5 38. Bg3 Qg6 39. Qe3 Nh5 40. Bf2 g4 41. h4 g3 42. Be1 Qg4 43. Qg5+ Qxg5 44. hxg5 Kg7 45. Bc2 Bg4 46. Kf1 Kg6 47. Bd2 Nf4 48. Bxf4 exf4 49. e5+ Kxg5 50. exd6 h5 51. Bd1 Bd7 52. Bf3 h4 53. Be4 Kf6 54. Ke2 Ke5 55. Kf3 f5 56. Bc2 Be8 57. Ke2 Kxd6 58. Bxf5 Bh5+ 59. Kf1 Kxd5 60. Bd7 f3 61. Kg1 f2+ 62. Kf1 Bg6 0-1

[Event "IV Elllobregat Open Chess Tmnt"]
[Site "Sant Boi de Llobregat, Spain"]
[Date "2023.11.30"]
[Round "1.32"]
[White "Ioannidis, Evgenios"]
[Black "Ahmad, Khagan"]
[Result "1-0"]
[TimeControl "90min/40moves + 15min/end + 30sec from move 1"]
[WhiteFideId "4229274"]
[BlackFideId "13431552"]
[WhiteElo "2502"]
[BlackElo "2285"]

1. d4 Nf6 2. c4 e6 3. Nf3 d5 4. Nc3 Bb4 5. e3 O-O 6. Bd2 Nbd7 7. Rc1 a6 8. a3 Bxc3 9. Bxc3 dxc4 10. Bxc4 b5 11. Be2 Bb7 12. Ba5 Rc8 13. O-O Nd5 14. a4 bxa4 15. Qxa4 Qe7 16. Qb3 Rb8 17. Qa3 Qxa3 18. bxa3 Rfc8 19. Rb1 c5 20. Rxb7 Rxb7 21. Bxa6 Ra8 22. Bxb7 Rxa5 23. Bxd5 exd5 24. dxc5 Nxc5 25. Ra1 f6 26. Nd4 Kf7 27. Kf1 Ne6 28. Nxe6 Kxe6 29. Ke2 d4 30. exd4 Kd5 31. Kd3 Ra4 32. Kc3 Rxd4 33. a4 Kc5 34. a5 Rd7 35. a6 Ra7 36. Ra5+ Kb6 37. Kb4 g6 38. Rb5+ Kc6 39. Ka5 Re7 40. Rb6+ Kc5 41. Rb8 Re2 42. Rc8 Kd6 43. Rc4 Kd5 44. Kb5 Ra2 45. Rb4 Kd6 46. Kb6 Rxf2 47. a7 Ra2 48. Rb5 Rxa7 49. Kxa7 Kc6 50. Rb6+ Kd5 1-0

[Event "IV Elllobregat Open Chess Tmnt"]
[Site "Sant Boi de Llobregat, Spain"]
[Date "2023.11.30"]
[Round "1.33"]
[White "Horcajuelo Rocamora, Martin"]
[Black "Abdisalimov, Abdimalik"]
[Result "0-1"]
[TimeControl "90min/40moves + 15min/end + 30sec from move 1"]
[WhiteFideId "24573027"]
[BlackFideId "14206323"]
[WhiteElo "2281"]
[BlackElo "2496"]

1. d4 Nf6 2. c4 e6 3. Nf3 b6 4. g3 Ba6 5. b3 d5 6. Bg2 Bb4+ 7. Bd2 Bd6 8. Bf4 Bxf4 9. gxf4 O-O 10.
Ne5 c6 11. e3 Ne8 12. Qc2 f6 13. Nd3 Nd6 14. Nd2 Nd7 15. f5 exf5 16. Nf4 Qe7 17. cxd5 c5 18. dxc5 Nxc5 19. b4 Nce4 20. Nxe4 Nxe4 21.
Qb3 Qe5 22. Rd1 Rac8 23. b5 Rc3 24.
Nd3 Rxb3 25. Nxe5 Rxb5 26. Nc6 Rb2 27. Bxe4 Re2+ 28. Kf1 Rxe3+ 29. Kg2 Rxe4 30. Rhe1 Bb7 31. Ne7+ Kf7 32. Nxf5 Rxe1 33.
Rxe1 Bxd5+ 34. Kg3 Be6 35. Nd6+ Ke7 36.
Nb5 Rd8 37. Re3 Rd7 38. a3 a6 39. Nc3 Rd6 40. f4 Kd7 41. Ne4 Rd4 42. Kf2 Bd5 43. Ng3 Rxf4+ 44. Ke2 g6 45. Kd3 Rh4 46.
Kc3 Rxh2 47. Ne2 Rh4 48. Nd4 h5 0-1

[Event "IV Elllobregat Open Chess Tmnt"]
[Site "Sant Boi de Llobregat, Spain"]
[Date "2023.11.30"]
[Round "1.34"]
[White "Erdogmus, Yagiz Kaan"]
[Black "Salinas Tomas, Daniel"]
[Result "1-0"]
[TimeControl "90min/40moves + 15min/end + 30sec from move 1"]
[WhiteFideId "44599790"]
[BlackFideId "24597716"]
[WhiteElo "2496"]
[BlackElo "2281"]

1. e4 c6 2. d4 d5 3. e5 c5 4. c4 Nc6 5. Nf3 cxd4 6. Nxd4 e6 7. Nc3 Bb4 8. Nxc6 bxc6 9. Bd2 Ne7 10. cxd5 Bxc3 11. Bxc3 Nxd5 12. Qd2 c5 13. Ba5 Qe7 14. Bd3 O-O 15. O-O Bb7 16. Rac1 Rac8 17. b3 Nb6 18. Rfd1 Rfd8 19. Qe3 Rd4 20. Bf1 Re4 21. Qg3 h5 22. f4 Nd5 23. Bd2 Qd7 24. Qf2 Rd4 25. Re1 Qe7 26. Rc4 Rxc4 27. Bxc4 Nb6 28. Be2 c4 29. Rc1 Qa3 30. bxc4 Qxa2 31. Be3 Ba6 32. Bxh5 Qa3 33. f5 Nxc4 34. Bf4 exf5 35. Qxa7 Qc5+ 36. Qxc5 Rxc5 37. Be2 Rc6 38. Bd3 g6 39. Ra1 Bc8 40. Ra8 Kg7 41. Rb8 Rc5 42. Bxc4 Rxc4 43. Bg5 Kf8 44. Rb3 Be6 45. Rd3 Rc8 46. Kf2 Rb8 47. Ke1 Ra8 48. Kd2 Ke8 49. Ke3 Rc8 50. Bf6 Bc4 51. Rd2 Be6 52. Kf4 Bc4 53. Kg5 Be6 54. Kh6 Bc4 55. Kg7 Be6 56. h4 Bc4 57. g3 Bb3 58. Rb2 Bd5 59. Rb5 Bc6 60. Rb6 Bd5 61. Rb5 Bc6 62. Rc5 Bb7 63. Ra5 Ra8 64. e6 fxe6 65. Rb5 Be4 66. Rb4 Kd7 67. Kxg6 Rg8+ 68. Bg7 Bf3 69. Rd4+ Kc6 70. Kf7 Ra8 71. Kxe6 Rg8 72. Kf7 Ra8 73. Kg6 Rg8 74. Rf4 Bg4 75. Rxg4 fxg4 76. h5 Kd5 77. h6 Ke4 78. h7 Ra8 79. h8=Q Rxh8 80. Bxh8 Kf3 81. Be5 1-0

[Event "IV Elllobregat Open Chess Tmnt"]
[Site "Sant Boi de Llobregat, Spain"]
[Date "2023.11.30"]
[Round "1.35"]
[White "Karamsetty, Jeevan"]
[Black "Raja, Rithvik R"]
[Result "0-1"]
[TimeControl "90min/40moves + 15min/end + 30sec from move 1"]
[WhiteFideId "2025337"]
[BlackFideId "35007394"]
[WhiteElo "2280"]
[BlackElo "2495"]

1. e4 c5 2. Nc3 d6 3. Nf3 Nf6 4. e5 dxe5 5. Nxe5 a6 6. g3 Qd6 7. Nf3 b5 8. Bg2 Bb7 9. O-O e6 10.
d3 Be7 11. a4 b4 12. Nb1 O-O 13. Nbd2 Nd5 14. Nc4 Qc7 15. Nfd2 Nc6 16. Nb3 Rad8 17. Qe2 Rfe8 18. Re1 Bf8 19.
h4 e5 20. Bd2 Nb6 21. Nxb6 Qxb6 22. Be4 Nd4 23. Nxd4 cxd4 24. c4 bxc3 25. bxc3 Bxe4 26. Qxe4 Qb2 27. Bg5 f6 28. Rab1 Qxc3 29.
Rec1 Qa5 30. Bxf6 gxf6 31. Qg4+ Kh8 32. Qf5 Rb8 33. Rxb8 Rxb8 34. Qxf6+ Bg7 35. Qf5 Rf8 36. Rc8 Qc5 37.
Qxh7+ Kxh7 38. Rxc5 Rf3 39. Ra5 Rxd3 40. Rxa6 e4 41. Kf1 Ra3 42. Re6 Ra1+ 43. Ke2 d3+ 44. Kd2 Bh6+ 0-1

[Event "IV Elllobregat Open Chess Tmnt"]
[Site "Sant Boi de Llobregat, Spain"]
[Date "2023.11.30"]
[Round "1.36"]
[White "Madaminov, Mukhiddin"]
[Black "Le Goff, Ronan"]
[Result "1-0"]
[TimeControl "90min/40moves + 15min/end + 30sec from move 1"]
[WhiteFideId "14210703"]
[BlackFideId "612073"]
[WhiteElo "2494"]
[BlackElo "2278"]

1. e4 e5 2. Nf3 Nc6 3. Bb5 a6 4. Ba4 d6 5. O-O Bd7 6. c3 g6 7. d4 Bg7 8. h3 Nf6 9. Re1 O-O 10.
Bc2 Re8 11. Nbd2 Qe7 12. Nf1 Qf8 13. Ng3 Rad8 14. Bg5 h6 15. Be3 d5 16. Nxe5 Nxe5 17. dxe5 Nxe4 18. Nxe4 dxe4 19. Bxe4 Bxe5 20.
Qc1 Bh2+ 21. Kxh2 Rxe4 22. Bf4 Rde8 23. Rxe4 Rxe4 24. Qd2 Bb5 25. Bxh6 Qe7 26. Be3 Re6 27. Kg1 Rd6 28. Qc1 Rd3 29.
Qe1 c5 30. Bf4 Qxe1+ 31. Rxe1 f6 32. Be3 b6 33. Bf4 Bd7 34. Bc7 b5 35. Bb6 Rd5 36. Re7 c4 37. Bd4 Kf8 38. Bxf6 Bf5 39.
Ra7 Rd1+ 40. Kh2 Rd2 41. Bd4 Rxb2 42. Rxa6 Kf7 43. a3 Ra2 44. Ra5 Bc2 45. Rxb5 Rxa3 46. g4 Ra1 47. f3 Rd1 48.
Rb7+ Ke6 49. Kg3 Rd3 50. Rg7 Bd1 51. Rxg6+ Ke7 52. h4 Rxf3+ 53. Kg2 Rf4 54. Kg3 Rf3+ 55. Kh2 Rf4 56. Rc6 Rxg4 57.
Kh3 Be2 58. Bc5+ Kf7 59. Rc7+ Kg8 60. Re7 Bd1 61. Re8+ Kh7 62. Bd4 Rf4 63. Re1 Bh5 64. Re7+ Rf7 65. Re5 Bd1 66. h5 Rf3+ 67.
Kg2 Rf7 68. Rc5 Bf3+ 69. Kg3 Kh6 70. Be3+ Kh7 71. Kh4 Be2 72. Bd4 Rf4+ 73. Kg5 Rg4+ 74. Kf5 Rg8 75. Rc7+ Kh6 76. Be3+ Kxh5 77.
Rh7 1-0

[Event "IV Elllobregat Open Chess Tmnt"]
[Site "Sant Boi de Llobregat, Spain"]
[Date "2023.11.30"]
[Round "1.37"]
[White "Sherman, Raem"]
[Black "Velten, Paul"]
[Result "0-1"]
[TimeControl "90min/40moves + 15min/end + 30sec from move 1"]
[WhiteFideId "2822288"]
[BlackFideId "681091"]
[WhiteElo "2278"]
[BlackElo "2489"]

1. e4 e6 2. d4 d5 3. e5 Bd7 4. Nf3 c5 5. c3 Nc6 6. Be2 Nge7 7. Na3 cxd4 8. cxd4 f6 9. Nb5 Ng6 10.
exf6 gxf6 11. h4 a6 12. Nc3 Qc7 13. h5 Nge7 14. Kf1 O-O-O 15. b4 Nxb4 16. Bd2 Nbc6 17. Na4 Na5 18. Rb1 Bxa4 19.
Qxa4 Nec6 20. Rc1 Nc4 21. Bxc4 dxc4 22. Qxc4 Rd5 23. Qe2 Qd7 24. Re1 e5 25. dxe5 fxe5 26. Bc3 Bc5 27. Rh4 Rf8 28.
Qe4 Kb8 29. Rg4 Rf7 30. h6 Rd6 31. Bxe5 Nxe5 32. Rg8+ Ka7 33. Qxe5 Rf5 34. Qh8 Bb4 35. Ra8+ Kb6 36. Rae8 Rxf3 37.
gxf3 Qb5+ 38. R1e2 Rd1+ 39. Kg2 Qg5+ 40. Kh2 Qxh6+ 41. Kg2 Qg5+ 42. Kh2 Bd6+ 43. R8e5 Rd5 0-1

[Event "IV Elllobregat Open Chess Tmnt"]
[Site "Sant Boi de Llobregat, Spain"]
[Date "2023.11.30"]
[Round "1.38"]
[White "Koellner, Ruben Gideon"]
[Black "Wahedi, Ahmad Siar"]
[Result "1-0"]
[TimeControl "90min/40moves + 15min/end + 30sec from move 1"]
[WhiteFideId "12993093"]
[BlackFideId "4651260"]
[WhiteElo "2488"]
[BlackElo "2275"]

1. d4 e6 2. Bf4 c5 3. e3 Nc6 4. c3 Qb6 5. Qb3 Qxb3 6. axb3 cxd4 7. exd4 d6 8. Nf3 f6 9. d5 exd5 10.
Na3 Be6 11. Nb5 Kd7 12. Nbd4 Bf7 13. b4 Nge7 14. Be3 Ne5 15. Be2 Nc4 16. Bc1 g6 17. O-O Bg7 18. b5 Rhc8 19. b3 Ne5 20.
Bd2 Re8 21. Ra2 Nc8 22. Rfa1 Rb8 23. Ne1 Kd8 24. Nec2 Nd7 25. Be3 Nc5 26. Nb4 f5 27. Bf1 Kd7 28. g3 h6 29. Rc1 Re7 30.
h4 Ne4 31. Kh2 Nf6 32. Kg1 Ne4 33. Kh2 Nf6 34. Kg2 Ng4 35. Bd2 h5 36. Nd3 Ke8 37. f3 Ne3+ 38. Kf2 Nxf1 39. Rxf1 Kf8 40.
Nf4 Re8 41. Be3 b6 42. Nc6 Rb7 43. Bd4 Rc7 44. Rd1 Bxd4+ 45. Rxd4 Ne7 46. Rxa7 Rxa7 47. Nxa7 Ra8 48. Ra4 Ke8 49.
Ne2 Kd7 50. Nd4 Kc7 51. Nac6 Rxa4 52. bxa4 Ng8 53. Ke3 Nf6 54. Kf4 Nh7 55. Nb4 Kd7 56. Ne2 Ke6 57. Ke3 g5 58. hxg5 Nxg5 59.
Nf4+ Kd7 60. Nbxd5 Kc8 61. Nxb6+ Kb7 62. Nbd5 Be8 63. c4 Nf7 64. Nf6 1-0

[Event "IV Elllobregat Open Chess Tmnt"]
[Site "Sant Boi de Llobregat, Spain"]
[Date "2023.11.30"]
[Round "1.39"]
[White "Ohler, Julius"]
[Black "Szpar, Milosz"]
[Result "1/2-1/2"]
[TimeControl "90min/40moves + 15min/end + 30sec from move 1"]
[WhiteFideId "16238982"]
[BlackFideId "1184989"]
[WhiteElo "2273"]
[BlackElo "2485"]

1. d4 d5 2. c4 e6 3. Nc3 Nf6 4. Bg5 c5 5. cxd5 cxd4 6. Qxd4 Be7 7. Nf3 exd5 8. e3 O-O 9. Be2 h6 10.
Bh4 Be6 11. O-O Nc6 12. Qa4 a6 13. Nd4 Nxd4 14. Qxd4 Rc8 15. Rfd1 b5 16. Rac1 Qa5 17. a3 Rfd8 18. h3 Rc7 19.
Bg3 Rb7 20. Qd2 b4 21. axb4 Rxb4 22. Ra1 Qb6 23. Rxa6 Qb7 24.
Raa1 Rxb2 25. Rab1 Rb4 26. Rxb4 Qxb4 27. Bf3 Qc4 28. Qd3 Qc8 29. Be5 Nd7 30. Nxd5 Bxd5 31. Qxd5 Nxe5 32. Qxe5 Bf6 33.
Rxd8+ Qxd8 34. Qb5 g6 35. Bd5 h5 36. Bb3 h4 37. Qb7 Qe7 38. Qd5 Kg7 39. Kf1 Be5 40. f4 Bc7 41. Ke2 Qf6 42.
Kf3 Bb6 43. Qb7 Bc5 44. Qc7 1/2-1/2

[Event "IV Elllobregat Open Chess Tmnt"]
[Site "Sant Boi de Llobregat, Spain"]
[Date "2023.11.30"]
[Round "1.40"]
[White "Khademalsharieh, Sarasadat"]
[Black "Amador Garcia, Ismael"]
[Result "1-0"]
[TimeControl "90min/40moves + 15min/end + 30sec from move 1"]
[WhiteFideId "12512214"]
[BlackFideId "32040920"]
[WhiteElo "2481"]
[BlackElo "2273"]

1. d4 Nf6 2. c4 e6 3. Nc3 Bb4 4. e3 O-O 5. Bd2 d5 6. Nf3 b6 7. cxd5 exd5 8. Rc1 Re8 9. Bd3 Ba6 10.
Bxa6 Nxa6 11. Ne5 Bd6 12. f4 c5 13. O-O Nc7 14. Be1 Ne4 15. Nxe4 dxe4 16. Qb3 Bxe5 17. fxe5 Qd5 18. dxc5 bxc5 19.
Qxd5 Nxd5 20. Rxc5 Nxe3 21. Rf4 Nd1 22. b4 Rec8 23. Rxc8+ Rxc8 24. Rxe4 Rc1 25. Bd2 Rc2 26. Rd4 h6 27.
a4 Nb2 28. b5 Nc4 29. Bf4 g5 30. Bg3 h5 31. Re4 Nd2 32. Re2 h4 33. Be1 Nf3+ 34. Kf2 Nxe1 35. Kxe1 Rc1+ 36. Kf2 Ra1 37.
Re4 Kg7 38. h3 Kg6 39. e6 fxe6 40. Rxe6+ Kf5 41. Ra6 Kf4 42. Rxa7 Ra2+ 43. Kf1 Ra1+ 44. Ke2 Kg3 45. b6 Kxg2 46.
Ra5 1-0

[Event "IV Elllobregat Open Chess Tmnt"]
[Site "Sant Boi de Llobregat, Spain"]
[Date "2023.11.30"]
[Round "1.41"]
[White "Pogorelov, Ruslan"]
[Black "Seo, Jung Min"]
[Result "0-1"]
[TimeControl "90min/40moves + 15min/end + 30sec from move 1"]
[WhiteFideId "14100363"]
[BlackFideId "1734687"]
[WhiteElo "2271"]
[BlackElo "2480"]

1. Nf3 d5 2. d4 Nf6 3. c4 e6 4. Nc3 Nbd7 5. cxd5 exd5 6. Bf4 c6 7. Qc2 Nh5 8. Bg3 Nxg3 9. hxg3 Nf6 10.
e3 Bd6 11. Bd3 g6 12. O-O-O Be6 13. Ng5 Qe7 14. Kb1 O-O-O 15. e4 dxe4 16. Ngxe4 Bc7 17. Qa4 Bb6 18. Bc2 Nd5 19. a3 Kb8 20. Nxd5 Rxd5 21. Nc3 Rd7 22.
Rd2 Rhd8 23. Rhd1 h5 24. Be4 Qf6 25. d5 Bg4 26. f3 Bf5 27.
Qc2 Qg5 28. Bxf5 gxf5 29. f4 Qxg3 30. Qxf5 Qg6 31. Qxg6 fxg6 32. g3 cxd5 33. Nxd5 Be3 34. Rd3 Bf2 35. R1d2 Be1 36. Rd1 Re8 37.
Nf6 Rxd3 38. Rxd3 Re6 39. Nd7+ Kc8 40. Nf8 Rc6 41. Re3 Bf2 42. Rf3 Bd4 43. Nh7 Rb6 44. b3 Rc6 45. Rd3 Bg7 46.
Ng5 b5 47. Nf3 Kc7 48. Nh4 Bf8 49. a4 bxa4 50. bxa4 Be7 51. Kb2 Kb6 52. Kb3 a6 53. Re3 Bd8 54. Rd3 Be7 55. Re3 Bc5 56.
Rd3 Re6 57. f5 gxf5 58. Nxf5 Re4 59. Ng7 Re5 60. Rf3 Be7 61. Nf5 Bd8 62. Nd6 Rd5 63. Nf5 Bc7 64. Kc4 Rc5+ 65. Kb3 Re5 66.
Ng7 Rg5 67. Nf5 Rg4 68. Rd3 Rg5 69. Rf3 Kc6 70. Rc3+ Kd7 71. Rd3+ Ke6 72. Nd4+ Ke5 73. Kc4 Ke4 74. Rd2 Rxg3 75.
Re2 Re3 76. Rg2 Be5 77. Ne6 Rc3+ 78. Kb4 Rg3 79. Nc5 Ke3 80. Rc2 Bd6 81. Kc4 Rg4+ 82. Kb3 a5 83. Rc3 Ke2 84. Rc2+ Kf3 85.
Rc3 Kg2 86. Rc2+ Kh3 87. Nd3 Rd4 88. Rc3 Kg4 89. Nf2+ Kf5 90. Rc6 Rd2 91. Nh3 Bb4 92. Ng1 Rg2 93. Rh6 Rxg1 94. Rxh5+ Rg5 0-1

[Event "IV Elllobregat Open Chess Tmnt"]
[Site "Sant Boi de Llobregat, Spain"]
[Date "2023.11.30"]
[Round "1.42"]
[White "Sorensen, Hampus"]
[Black "Romero Pallares, Daniel"]
[Result "1-0"]
[TimeControl "90min/40moves + 15min/end + 30sec from move 1"]
[WhiteFideId "8703884"]
[BlackFideId "32025637"]
[WhiteElo "2479"]
[BlackElo "2271"]

1. Nf3 Nf6 2. g3 d5 3. Bg2 e6 4. O-O Bd6 5. d4 h6 6. c4 O-O 7. Nc3 Nc6 8. cxd5 exd5 9. Nb5 Bf5 10.
Nxd6 cxd6 11. Bf4 Qd7 12. Qa4 Rab8 13. Rfc1 b5 14. Qd1 a5 15. Bd2 Rfe8 16. Be1 Rbc8 17. e3 Be4 18. Bf1 Qb7 19.
Qe2 Rb8 20. Nd2 Bf5 21. Nb3 b4 22. Qa6 Qxa6 23. Bxa6 Bd7 24. Nd2 Rb6 25. Bd3 a4 26. Rc2 g6 27. a3 Kg7 28. Rac1 h5 29.
Kg2 Ng4 30. Nf1 bxa3 31. bxa3 Rb3 32. Ba6 Nb8 33. Be2 Rxa3 34. Bb4 Rb3 35. Bxd6 Bf5 36. Ra2 Nd7 37. h3 Ngf6 38. Nd2 Rb6 39.
Ba3 Reb8 40. Bf3 R8b7 41. Bd1 Ra6 42. f3 Nb8 43. g4 Be6 44. Rac2 Rb3 45. Rc3 Rxc3 46. Rxc3 Nc6 47. Kf2 Na7 48.
Be2 Rb6 49. Rc5 Nc6 50. Rb5 Nd7 51. gxh5 gxh5 52. h4 Kf6 53. Nb1 Na7 54. Rxb6 Nxb6 55. Bc5 Nac8 56. Nc3 Bd7 57. Bd1 Bc6 58. Bc2 Bd7 59. Kg3 Bc6 60.
Kf4 Bd7 61. Bd1 Bc6 62. e4 Kg6 63. exd5 Bxd5 64. Nxa4 Nd7 65. Bc2+ Kf6 66. Nc3 Bc4 67. Ne4+ Kg7 68. Ng3 Nf6 69. Kg5 Nh7+ 70. Kxh5 Bd5 71. Kg4 Be6+ 72. Kf4 Nf6 73.
Nf5+ Kg8 74. Ne3 Kg7 75. Bf5 Nd7 76. Kg5 Ncb6 77. Bxe6 fxe6 78. Bxb6 Nxb6 79. h5 Nd7 80. Ng4 1-0